 Dungeon Crawl Stone Soup version 0.17.1-3-g152610e (webtiles) character file.

158 hannobal the Conjurer (level 5, -2/33 HPs)
             Began as an Octopode Wizard on Apr 4, 2016.
             Slain by a gnoll
             ... wielding a +0 flail
              (11 damage)
             ... on level 3 of the Dungeon on Apr 6, 2016.
             The game lasted 00:15:54 (4594 turns).

hannobal the Conjurer (Octopode Wizard)             Turns: 4594, Time: 00:15:54

Health: -2/33      AC:  2    Str:  6    XL:     5   Next: 39%
Magic:  0/9        EV:  7    Int: 21    God:
Gold:   158        SH:  0    Dex: 11    Spells: 4 memorised, 2 levels left

rFire  + . .     SeeInvis .     a - +1 short sword (elec)
rCold  . . .     Clarity  .     (no shield)
rNeg   . . .     SustAt   .     g - +1 hat
rPois  .         Gourm    .     (no amulet)
rElec  .         Spirit   .     i - ring of wizardry
rCorr  .         Warding  .     (no ring)
rMut   .         Stasis   .     (no ring)
MR     .....                    (no ring)
Stlth  +++.......               (no ring)
                                (no ring)
                                (no ring)
                                (no ring)

@: repel missiles, not resistant to hostile enchantments, fairly stealthy
A: almost no armour, amphibious, 8 rings, constrict 8, camouflage 1, fire
resistance 1, gelatinous body 1
a: no special abilities


You were on level 3 of the Dungeon.
You were not hungry.

You visited 1 branch of the dungeon, and saw 3 of its levels.

You collected 158 gold pieces.

Inventory:

Hand Weapons
 a - a +1 short sword of electrocution (weapon)
 l - a +0 hunting sling
 m - a cursed -3 morningstar
Missiles
 e - 138 stones (quivered)
 f - 67 arrows
 h - 15 sling bullets
Armour
 g - a +1 hat (worn)
Jewellery
 d - an uncursed ring of ice
 i - a ring of wizardry (left tentacle)
 k - an uncursed ring of fire
Scrolls
 j - a scroll of identify
Books
 b - a book of Minor Magic

   Spells                             Type                      Level
   a - Magic Dart                     Conjuration                  1
   b - Blink                          Translocation                2
   c - Call Imp                       Summoning                    2
   d - Repel Missiles                 Charms/Air                   2
   e - Slow                           Hexes                        2
   f - Conjure Flame                  Conjuration/Fire             3
   g - Mephitic Cloud                 Conjuration/Poison/Air       3
Comestibles
 c - 6 chunks of flesh


   Skills:
 - Level 1.0 Fighting
 - Level 1.0 Short Blades
 - Level 2.0 Dodging
 - Level 2.6 Stealth
 - Level 3.0 Spellcasting
 + Level 4.3 Conjurations
   Level 1.0 Summonings
 - Level 1.0 Translocations
 - Level 1.4 Fire Magic


You had 2 spell levels left.
You knew the following spells:

 Your Spells              Type           Power        Failure   Level  Hunger
b - Blink                 Tloc           N/A          6%          2    ##.....
f - Conjure Flame         Conj/Fire      ###.....     6%          3    ###....
r - Repel Missiles        Chrm/Air       #.....       9%          2    ##.....
z - Magic Dart            Conj           ###.         1%          1    None


Dungeon Overview and Level Annotations

Branches:
Dungeon (3/15)

Altars:
Trog

Annotations:
D:3 Purgy


Innate Abilities, Weirdness & Mutations

You cannot wear most types of armour.
You are amphibious.
You can wear up to eight rings at the same time.
You can use your tentacles to constrict eight enemies at once.
Your skin changes colour to match your surroundings (Stealth).
Your rubbery body absorbs attacks (AC +1).
Your flesh is heat resistant.


Message History

The magic dart hits the gnoll.
The gnoll is heavily wounded.
The gnoll barely misses you.
Casting: Magic Dart
Confirm with . or Enter, or press ? or * to list all spells.
Aiming: Magic Dart
Press: ? - help, Shift-Dir - straight line, f/p - gnoll
Aim: a gnoll, wielding a halberd (heavily wounded)
The magic dart hits the gnoll.
The gnoll is severely wounded.
A goblin comes into view. It is wielding a dagger.
The gnoll hits you with a halberd! The gnoll closely misses you.
You are too injured to fight recklessly!
You are too injured to fight recklessly!
The gnoll closely misses you.
There is a stone staircase leading up here.
The gnoll hits you from afar with a halberd!
* * * LOW HITPOINT WARNING * * *
The gnoll hits you with a flail!
You die...

##.#####...o...[....
.<.......###..)..[..
#.######.# ####.o.##
#.# .$... #.# ..##
####)# ## #....#
###.##)# #..[..@#
##.###.g# #..# #.g#
#..###.##
#......########
#....g.....g..#
#.....#######.#
#.g#.## #.# ..#..#.#
#.#


You could see 3 gnolls.

Vanquished Creatures
  An orc priest (D:3)
  3 adders (D:2)
  A gnoll (D:2)
  2 oozes (D:1)
  2 worms (D:2)
  A giant gecko (D:2)
  4 orcs (D:3)
  7 bats
  2 giant cockroaches
  9 hobgoblins
  3 jackals (D:2)
  12 kobolds
  A ball python (D:3)
  2 giant newts
  9 goblins
  4 rats
63 creatures vanquished.

Notes
Turn   | Place    | Note
--------------------------------------------------------------
     0 | D:1      | hannobal the Octopode Wizard began the quest for the Orb.
     0 | D:1      | Reached XP level 1. HP: 11/11 MP: 4/4
   581 | D:1      | Gained mutation: Your spells are a little easier to cast, but a little less powerful. [potion of mutation]
   581 | D:1      | Gained mutation: Your flesh is heat resistant. [potion of mutation]
   581 | D:1      | Lost mutation: Your spells are a little easier to cast, but a little less powerful. [potion of mutation]
   864 | D:1      | Reached XP level 2. HP: 17/17 MP: 0/6
  1363 | D:1      | Reached XP level 3. HP: 21/21 MP: 4/7
  1876 | D:1      | Learned a level 3 spell: Conjure Flame
  1879 | D:1      | Learned a level 2 spell: Repel Missiles
  1882 | D:1      | Learned a level 2 spell: Blink
  2326 | D:2      | Reached skill level 1 in Fire Magic
  2719 | D:2      | Reached XP level 4. HP: 27/27 MP: 2/8
  2771 | D:2      | Reached skill level 1 in Short Blades
  2888 | D:2      | Reached skill level 1 in Fighting
  3430 | D:2      | Found a bloodstained altar of Trog.
  4310 | D:3      | Noticed Purgy
  4372 | D:2      | Reached XP level 5. HP: 33/33 MP: 1/9
  4460 | D:3      | Reached skill level 4 in Conjurations
  4594 | D:3      | Slain by a gnoll

Action                   |  1- 3 |  4- 6 || total
-------------------------+-------+-------++-------
Melee: Short sword       |     2 |    12 ||    14
Throw: Stone             |    20 |       ||    20
 Cast: Magic Dart        |   103 |   101 ||   204
       Repel Missiles    |     2 |     2 ||     4
       Conjure Flame     |       |     1 ||     1
  Use: Scroll            |     5 |     2 ||     7
       Potion            |     3 |       ||     3
  Eat: Chunk             |     5 |     3 ||     8
       Bread ration      |       |     1 ||     1
